 Dungeon Crawl Stone Soup version 0.29-a0-266-gf56f883ddd (webtiles) character file.

Game seed: 11941613270366891495

1983 frimble the Skirmisher (level 9, -2/68 HPs)
             Began as a Djinni Cinder Acolyte on Mar 7, 2022.
             Was a High Priest of Ignis.
             Slain by an ice beast (9 damage)
             ... on level 6 of the Dungeon.
             The game lasted 00:08:47 (8614 turns).

frimble the Skirmisher (Djinni Cinder Acolyte)      Turns: 8614, Time: 00:08:48

Health: -2/68      AC:  4    Str: 13    XL:     9   Next: 44%
Gold:   373        EV: 12    Int: 23    God:    Ignis [*****.] SH:  0 Dex: 12

rFire   + + +      SeeInvis .     - Unarmed
rCold   . . .      Faith    .   (no shield)
rNeg    . . .      Spirit   .   a - +0 robe
rPois   ∞          Reflect  .   s - +0 helmet
rElec   .          Harm     .   r - +0 cloak
rCorr   .          Rampage  .   (no gloves)
Will    ++...                   (boots unavailable)
Stlth   +.........              (no amulet)
HPRegen 0.21/turn               k - ring of protection from cold
MPRegen 0.00/turn               m - +6 ring of intelligence

@: flying
A: sickness immunity, fire resistance 2, cold vulnerability 1, float, innate
caster, HP casting, extra vitality 1, fangs 1, strong-willed 2, passive freeze
a: Renounce Religion, Fiery Armour, Foxfire Swarm, Rising Flame


You were on level 6 of the Dungeon.
You worshipped Ignis.
Ignis was extremely pleased with you.
You visited 1 branch of the dungeon, and saw 6 of its levels.
You also visited: Sewer and Ossuary.

You collected 373 gold pieces.

Inventory:

Hand Weapons
 c - a +0 dagger of flaming
 q - a +1 short sword of holy wrath
Missiles
 e - 5 boomerangs (quivered)
 f - 5 javelins
Armour
 a - a +0 robe (worn)
 r - a +0 cloak (worn)
 s - a +0 helmet (worn)
Jewellery
 g - a ring of wizardry
 k - a ring of protection from cold (left hand)
 m - a +6 ring of intelligence (right hand)
Scrolls
 b - 7 scrolls of identify
 d - a scroll of brand weapon
 i - 2 scrolls of teleportation
 l - a scroll of summoning {unknown}
Potions
 h - 2 potions of heal wounds
 j - 7 potions of curing
 n - 3 potions of cancellation
 o - a potion of resistance
 p - 3 potions of flight


   Skills:
 + Level 7.0 Fighting
 + Level 2.7 Dodging
 + Level 6.9 Unarmed Combat
 + Level 5.3 Spellcasting
 - Level 3.2 Evocations


You had 6 spell levels left.
You knew the following spells:

 Your Spells              Type           Power      Damage    Failure   Level
a - Scorch                Fire           60%        2d8       1%          2
b - Sting                 Tmut/Pois      100%       1d8       1%          1
c - Ensorcelled Hibernat  Hex/Ice        60%        N/A       1%          2
d - Confusing Touch       Hex            30%        N/A       3%          3
e - Sticky Flame          Conj/Fire      30%        2d5       10%         4
Your spell library was empty.

Dungeon Overview and Level Annotations

Branches:
Dungeon (6/15)             Temple (0/1) D:5           Sewer (visited)
Ossuary (visited)

Altars:
Dithmenos
Makhleb
Sif Muna


Innate Abilities, Weirdness & Mutations

You are immune to sickness and miasma.
You are immune to poison.
Your flesh is very heat resistant. (rF++)
You are vulnerable to cold. (rC-)
You float through the air rather than walking.
You learn spells naturally, not from books.
Your magical power is your life essence.
You have superior vitality. (+4 MHP)
You have very sharp teeth.
You are highly strong-willed. (Will++)
A frigid envelope surrounds you and freezes all who hurt you.


Message History

You are too injured to fight recklessly!
You are too injured to fight recklessly!
You are too injured to fight recklessly!
You are too injured to fight recklessly!
You are too injured to fight recklessly!
You are too injured to fight recklessly!
You are too injured to fight recklessly!
You are too injured to fight recklessly!
You are too injured to fight recklessly!
You are too injured to fight recklessly!
Casting: Sticky Flame (dangerous; 10% risk of failure)
Confirm with . or Enter, or press ? or * to list all spells.
Aiming: Sticky Flame (dangerous; 10% risk of failure)
Press: ? - help, Shift-Dir - straight line, f - ice beast
Aim: an ice beast (lightly wounded, 100% to hit)
The sticky flame hits the ice beast but does no damage.
The ice beast is lightly wounded.
The ice beast is covered in liquid flames!
The ice beast burns!
The ice beast hits you. The ice beast freezes you!
The ice beast completely resists.
You hit the ice beast. Your bite misses the ice beast.
The ice beast is moderately wounded.
The ice beast burns!
The ice beast hits you. The ice beast freezes you!
* * * LOW HITPOINT WARNING * * *
The ice beast completely resists.
You hit the ice beast.
You punch the ice beast, but do no damage.
You bite the ice beast, but do no damage.
The ice beast is severely wounded.
The ice beast hits you.
* * * LOW HITPOINT WARNING * * *
The ice beast freezes you!
* * * LOW HITPOINT WARNING * * *
The ice beast burns!
The ice beast stops burning.
The ice beast attacks as you move away! The ice beast closely misses you.
You aren't carrying any items that you can evoke.
You feel better. The ice beast hits you.
* * * LOW HITPOINT WARNING * * *
The ice beast freezes you!
You die...

####......# #.##.
#.......... ###..
#.####.#.#########
#.# #######...###
#.# ##...###...###
#.###....###...###
#.##..#..##.....##
#Y#..##..#...#...#
#@#..###...)###...
#.#..###....###...
#.#..####...###...
#....#############
#...## #..## ####


You could see an ice beast.

Vanquished Creatures
  Grinder (D:3)
  A shadow (D:5)
  An ice beast (D:6)
  2 sky beasts (D:5)
  A centaur (D:6)
  2 ogres (D:6)
  2 phantoms
  An elf zombie (Ossuary)
  A bullfrog (D:6)
  A kobold brigand (Sewer)
  A scorpion (D:6)
  A gnoll sergeant (D:5)
  A howler monkey (D:3)
  2 hounds
  2 orc priests (D:6)
  4 iguanas
  2 orc wizards (D:5)
  4 mummies (Ossuary)
  7 adders
  8 gnolls
  3 river rats
  An ufetubus (D:4)
  2 adder zombies (Ossuary)
  4 dart slugs
  10 orcs
  5 bats
  9 endoplasms
  2 giant cockroaches
  5 goblins
  6 hobgoblins
  3 jackals (Sewer)
  2 quokkas
  6 ball pythons
  5 frilled lizards
  A gnoll zombie (Ossuary)
  3 goblin zombies (Ossuary)
  2 hobgoblin zombies (Ossuary)
  A jackal zombie (Ossuary)
  14 kobolds
  2 kobold zombies (Ossuary)
  11 rats
142 creatures vanquished.

Vanquished Creatures (others)
  A hobgoblin (D:2)
  10 foxfires (D:3)
11 creatures vanquished.

Grand Total: 153 creatures vanquished

Notes
Turn   | Place    | Note
-------+----------+-------------------------------------------
     0 | D:1      | frimble the Djinni Cinder Acolyte began the quest for the
                  | Orb.
     0 | D:1      | Reached XP level 1. HP: 20/20 MP: 0/0
   486 | D:1      | Found a faded altar of an unknown god.
   504 | D:1      | Reached XP level 2. HP: 25/25 MP: 0/0
   955 | D:1      | You are sucked into a shaft and drop 1 floor!
  1036 | D:2      | Reached XP level 3. HP: 25/30 MP: 0/0
  1036 | D:2      | Learned a level 1 spell: Sting
  1932 | D:2      | Reached XP level 4. HP: 30/35 MP: 0/0
  3195 | D:3      | Noticed Grinder
  3218 | D:3      | Gained mutation: Your body sometimes deteriorates upon
                  | taking damage. [potion of mutation]
  3218 | D:3      | Gained mutation: You are strong-willed. (Will+) [potion of
                  | mutation]
  3227 | D:3      | Killed Grinder
  3228 | D:3      | Reached skill level 4 in Fighting
  3228 | D:3      | Reached XP level 5. HP: 11/42 MP: 0/0
  3228 | D:3      | Learned a level 2 spell: Ensorcelled Hibernation
  3228 | D:3      | Reached XP level 6. HP: 13/48 MP: 0/0
  3622 | D:3      | Lost mutation: Your body sometimes deteriorates upon taking
                  | damage. [potion of mutation]
  3622 | D:3      | Lost mutation: You are strong-willed. (Will+) [potion of
                  | mutation]
  3622 | D:3      | Gained mutation: You have supernaturally acute eyesight.
                  | (SInv) [potion of mutation]
  3622 | D:3      | Gained mutation: You are occasionally teleported next to
                  | monsters. [potion of mutation]
  3622 | D:3      | Gained mutation: You are strong-willed. (Will+) [potion of
                  | mutation]
  3622 | D:3      | Gained mutation: You are partially covered in iridescent
                  | scales. (AC +2) [potion of mutation]
  3673 | D:3      | Lost mutation: You have supernaturally acute eyesight.
                  | (SInv) [potion of mutation]
  3673 | D:3      | Lost mutation: You are occasionally teleported next to
                  | monsters. [potion of mutation]
  3673 | D:3      | Lost mutation: You are partially covered in iridescent
                  | scales. (AC +2) [potion of mutation]
  3673 | D:3      | Gained mutation: You have very sharp teeth. [potion of
                  | mutation]
  3673 | D:3      | Gained mutation: A frigid envelope surrounds you and
                  | freezes all who hurt you. [potion of mutation]
  3673 | D:3      | Gained mutation: You are highly strong-willed. (Will++)
                  | [potion of mutation]
  3965 | D:3      | HP: 1/48 [gnoll/+0 flail (6)]
  4534 | D:4      | Found a shadowy altar of Dithmenos.
  4539 | D:4      | Found a burning altar of Makhleb.
  4544 | D:4      | Found a sand-covered staircase.
  4549 | Ossuary  | Entered an ossuary
  4576 | Ossuary  | Reached XP level 7. HP: 23/53 MP: 0/0
  4576 | Ossuary  | Learned a level 3 spell: Confusing Touch
  4594 | Ossuary  | Reached skill level 5 in Fighting
  4594 | Ossuary  | Reached skill level 5 in Unarmed Combat
  6093 | D:5      | Entered Level 5 of the Dungeon
  6117 | D:5      | Reached skill level 1 in Evocations
  6138 | D:5      | HP: 2/54 [gnoll sergeant/+2 trident of distortion (23)]
  6149 | D:5      | Found a glowing drain.
  6155 | D:5      | Reached XP level 8. HP: 32/60 MP: 0/0
  6156 | Sewer    | Entered a sewer
  6532 | Sewer    | Found a white marble altar of Elyvilon.
  6693 | D:5      | Noticed a shadow
  6701 | D:5      | Killed a shadow
  6874 | D:5      | Found a staircase to the Ecumenical Temple.
  6927 | D:5      | Reached skill level 6 in Fighting
  7422 | D:6      | Reached XP level 9. HP: 59/67 MP: 0/0
  7422 | D:6      | Learned a level 4 spell: Sticky Flame
  7507 | D:6      | Reached skill level 1 in Dodging
  7507 | D:6      | Reached skill level 5 in Spellcasting
  8410 | D:6      | Reached skill level 7 in Fighting
  8605 | D:6      | HP: 2/68 [ice beast (14)]
  8614 | D:6      | Slain by an ice beast

Illustrated notes

Levels and vault maps discovered:
D:1:      dpeg_arrival_erosion, layout_loops_corners,
          shapermc_ecumenical_altar_notcrosses
D:2:      layout_loops_cross
D:3:      layout_loops_cross, uniq_grinder
D:4:      layout_loops_ring, led_sif_pool,
          chequers_temple_overflow_statue_of_worship,
          nicolae_ossuary_entry_false_entrances, kennysheep_generic_room_14
D:5:      layout_cave_pools, minmay_temple_entry_statues, gup_sewer_entry_bowl,
          uniq_crazy_yiuf_cottage
D:6:      layout_loops_corners, hangedman_glass_teeth, minmay_liquid_box,
          minmay_door_square

Skill      XL: |  1  2  3  4  5  6  7  8  9 |
---------------+----------------------------+-----
Spellcasting   | 3 4 5 |  5.3
Fighting       | 4 5 6 7 |  7.0
Unarmed Combat | 4 5 6 |  6.9
Evocations     | 1 3 |  3.2
Dodging        | 2 |  2.7

Action                   |  1- 3 |  4- 6 |  7- 9 || total
-------------------------+-------+-------+-------++-------
Melee: Unarmed           |   109 |   102 |   194 ||   405
       Punch             |     2 |     1 |    11 ||    14
       Bite              |       |     2 |    32 ||    34
Throw: Boomerang         |       |       |     3 ||     3
 Cast: Scorch            |     6 |    11 |    12 ||    29
       Sting             |       |     7 |     5 ||    12
       Sticky Flame      |       |       |     6 ||     6
       Confusing Touch   |       |       |     1 ||     1
Invok: Foxfire Swarm     |       |     1 |       ||     1
       Fiery Armour      |       |     1 |       ||     1
Evoke: Wand              |       |       |    10 ||    10
  Use: Potion            |       |     7 |     3 ||    10
       Scroll            |       |     7 |     4 ||    11
Armor: Robe              |    20 |    11 |    36 ||    67
Dodge: Dodged            |    72 |    67 |   113 ||   252

Table legend: (Time is in decaauts)
 A = Elapsed time spent in this place.
 B = Non-inter-level travel time spent in this place.
 C = Inter-level travel time spent in this place.
 D = Time resting spent in this place.
 E = Time spent auto-exploring this place.
 F = Levels seen in this place.
 G = Mean time per level.
                   A        B        C        D        E       F      G
               +--------+--------+--------+--------+--------+-----+--------+
         Total |   8580 |   8359 |    221 |    333 |   6919 |   8 | 1072.5 |
       Dungeon |   7619 |   7398 |    221 |    156 |   6305 |   6 | 1269.8 |
         Sewer |    411 |    411 |      0 |    177 |    164 |   1 |  411.0 |
       Ossuary |    549 |    549 |      0 |      0 |    450 |   1 |  549.0 |
               +--------+--------+--------+--------+--------+-----+--------+

Top non-repeatable levels by time:
     D:6: 1638 daAuts
     D:1: 1527 daAuts
     D:3: 1522 daAuts
     D:2: 1335 daAuts
     D:4: 1138 daAuts
 Ossuary: 549 daAuts
     D:5: 457 daAuts
   Sewer: 411 daAuts
